[Event "ESP-chT 2nd Division 2019"]
[Site "Linares"]
[Date "2019.08.21"]
[Round "4.18"]
[White "Lizuain Toni, Javier"]
[Black "Khamrakulov, Ibragim S."]
[Result "0-1"]
[ECO "B43"]
[WhiteElo "1884"]
[BlackElo "2429"]
[Annotator "NA"]
[PlyCount "106"]
[EventDate "2019.08.19"]
[EventType "team-tourn"]
[EventCountry "ESP"]
[SourceTitle "playchess.com"]
[Source "ChessBase"]
[SourceQuality "1"]
[TimeControl "5400+30"]

1. e4 c5 2. Nf3 e6 3. d4 cxd4 4. Nxd4 a6 5. Nc3 Qc7 6. g3 Nf6 7. Bg2 Nc6 8. O-O d6 9. Re1 Bd7 10. a4 Be7 11. Be3 Ne5 12. h3 Nc4 13. Bc1 O-O 14. b3 Na5 15. Bb2 Rab8 16. Qd3 Rfc8 17. Rac1 Qb6 18. Ba3 Bf8 19. Red1 Be8 20. Nf3 Rd8 21. Qd4 Qc7 22. Bb2 Nc6 23. Qe3 b5 24. axb5 axb5 25. Ne2 e5 26. Nc3 Nb4 27. Ba3 Qa5 28. Bxb4 Qxb4 29. Ne1 Rdc8 30. Nd5 Nxd5 31. Rxd5 Be7 32. Rcd1 Rc7 33. Bf3 Bd7 34. Kh2 g6 35. R5d2 h5 36. Rd5 Be6 37. R5d3 Kh7 38. Bg2 h4 39. g4 Rc6 40. R1d2 Rbc8 41. Bf3 Bd8 42. Bd1 Bb6 43. Qg5 Qxe4 44. Qxh4+ Kg7 45. f3 Qb4 46. Qg3 Be3 47. Qg2 Bxd2 48. Rxd2 Qf4+ 49. Kh1 Ra6 50. Nd3 Qf6 51. Nb4 Ra1 52. Nd5 Bxd5 53. Rxd5 Rxc2 0-1

[Event "ESP-chT 2nd Division 2019"]
[Site "Linares"]
[Date "2019.08.21"]
[Round "4.19"]
[White "Soham Das"]
[Black "Roldan Marques, Marta"]
[Result "1-0"]
[ECO "C50"]
[WhiteElo "2339"]
[BlackElo "1886"]
[Annotator "NA"]
[PlyCount "67"]
[EventDate "2019.08.19"]
[EventType "team-tourn"]
[EventCountry "ESP"]
[SourceTitle "playchess.com"]
[Source "ChessBase"]
[SourceQuality "1"]
[TimeControl "5400+30"]

1. e4 e5 2. Nf3 Nc6 3. Bc4 Bc5 4. O-O Nf6 5. d3 O-O 6. h3 d5 7. exd5 Nxd5 8. Re1 Re8 9. c3 Nb6 10. Bb5 f6 11. a4 a6 12. Bxc6 bxc6 13. a5 Nd5 14. Nbd2 Nf4 15. d4 exd4 16. Ne4 Ne6 17. cxd4 Ba7 18. Be3 Nf8 19. Nc3 Ng6 20. Qa4 Ne7 21. d5 Bxe3 22. Rxe3 Bd7 23. dxc6 Nxc6 24. Rd3 Ne5 25. Qa2+ Kf8 26. Qa3+ Kg8 27. Nxe5 Rxe5 28. Rad1 Re7 29. Qb3+ Kf8 30. Nd5 Be6 31. Nxe7 Qxe7 32. Qb7 Re8 33. Qxa6 Qb4 34. Re3 1-0

[Event "ESP-chT 2nd Division 2019"]
[Site "Linares"]
[Date "2019.08.21"]
[Round "4.20"]
[White "Beaumont Arizaleta, Mikel"]
[Black "Calzetta Ruiz, Monica"]
[Result "0-1"]
[ECO "A22"]
[WhiteElo "1754"]
[BlackElo "2257"]
[Annotator "NA"]
[PlyCount "74"]
[EventDate "2019.08.19"]
[EventType "team-tourn"]
[EventCountry "ESP"]
[SourceTitle "playchess.com"]
[Source "ChessBase"]
[SourceQuality "1"]
[TimeControl "5400+30"]

1. c4 e5 2. Nc3 Nf6 3. g3 d5 4. cxd5 Nxd5 5. Bg2 Nb6 6. d3 Be7 7. Nf3 Nc6 8. O-O O-O 9. Bd2 Kh8 10. Rc1 f5 11. a3 Bf6 12. h4 h6 13. b4 Re8 14. Ne1 a6 15. Na4 Nxa4 16. Qxa4 Bd7 17. Qd1 Rb8 18. e3 Ne7 19. Qc2 Bc6 20. Nf3 Qd5 21. Rfd1 Rbd8 22. Ne1 Qd7 23. Bc3 Ba4 24. Qb2 Bxd1 25. Rxd1 Nd5 26. Bxd5 Qxd5 27. Qe2 c5 28. Qh5 Qb3 29. Bd2 e4 30. dxe4 fxe4 31. Ng2 Re5 32. Qg4 Red5 33. Qe2 Bc3 34. Nf4 Rxd2 35. Rxd2 Rxd2 36. Ng6+ Kh7 37. Nf8+ Kg8 0-1

[Event "ESP-chT 2nd Division 2019"]
[Site "Linares"]
[Date "2019.08.21"]
[Round "4.21"]
[White "Rios, Cristhian Camilo"]
[Black "Garcia Cuenca, Victor"]
[Result "1/2-1/2"]
[ECO "A58"]
[WhiteElo "2530"]
[BlackElo "2359"]
[Annotator "ChessBase"]
[PlyCount "182"]
[EventDate "2019.08.19"]
[EventType "team-tourn"]
[EventCountry "ESP"]
[SourceTitle "playchess.com"]
[Source "ChessBase"]
[SourceQuality "1"]
[TimeControl "5400+30"]

1. d4 Nf6 2. c4 c5 3. d5 b5 4. cxb5 a6 5. bxa6 g6 6. Nc3 Bg7 7. g3 d6 8. Bg2 O-O 9. Nf3 Nxa6 10. O-O Bf5 11. Nh4 Bd7 12. Rb1 Qb6 13. h3 Nc7 14. b4 cxb4 15. a3 Qc5 16. axb4 Qxc3 17. Bb2 Qc4 18. Rc1 Qxb4 19. Bxf6 Bxf6 20. Rxc7 Bb5 21. Rb7 Qc4 22. Bf3 Ba6 23. Qb3 Rfc8 24. Rb4 Qc5 25. Rb1 Bc4 26. Qd1 Ba2 27. Rb5 Qa3 28. Ng2 Bxb1 29. Rxb1 Rab8 30. Rxb8 Rxb8 31. Nf4 Qc3 32. Kg2 Ra8 33. Qb1 Ra1 34. Qb8+ Kg7 35. Nd3 Qc2 36. h4 Qd1 37. Kh3 Qf1+ 38. Kh2 Bd4 39. Qb4 Bxf2 40. Qb2+ f6 41. Bg2 Bg1+ 42. Kh3 Qb1 43. Qc3 Be3 44. Qc7 Ra7 45. Qc8 Qb7 46. Qc4 Qd7+ 47. Kh2 Ra1 48. Bf3 Ra4 49. Qb3 Qa7 50. Qb5 h5 51. Qe8 Rc4 52. Qd8 Qc7 53. Qe8 Rd4 54. Kg2 Rc4 55. Qb5 Qc8 56. Qb3 g5 57. hxg5 h4 58. gxf6+ exf6 59. Nb2 Rc3 60. Qb4 h3+ 61. Kh2 Rc1 62. Qg4+ Qxg4 63. Bxg4 Kg6 64. Nd3 Ra1 65. Kxh3 Kg5 66. Bf3 Bd4 67. Kg2 Be5 68. Kf2 f5 69. Kg2 Kf6 70. Kf2 Ra8 71. Nf4 Rg8 72. Nh5+ Kg5 73. e3 Rh8 74. Nf4 Rh2+ 75. Kf1 Ra2 76. Be2 Rd2 77. Ke1 Bc3 78. Kf1 Kf6 79. Bf3 Bb4 80. Be2 Ra2 81. Kf2 Bc5 82. Kf3 Ra3 83. Bd3 Rc3 84. Ke2 Rb3 85. Kf3 Ke5 86. Ke2 Bb6 87. Kf3 Bd8 88. Ng6+ Kxd5 89. Bxf5 Bb6 90. Nf4+ Ke5 91. Bd3 d5 1/2-1/2

[Event "ESP-chT 2nd Division 2019"]
[Site "Linares"]
[Date "2019.08.21"]
[Round "4.22"]
[White "Sanchez Gonzalez, Sergio"]
[Black "Sosa, Tomas"]
[Result "0-1"]
[ECO "B30"]
[WhiteElo "2299"]
[BlackElo "2508"]
[Annotator "ChessBase"]
[PlyCount "66"]
[EventDate "2019.08.19"]
[EventType "team-tourn"]
[EventCountry "ESP"]
[SourceTitle "playchess.com"]
[Source "ChessBase"]
[SourceQuality "1"]
[TimeControl "5400+30"]

1. e4 c5 2. Nf3 Nc6 3. Nc3 d6 4. Bb5 Bg4 5. h3 Bh5 6. g4 Bg6 7. d4 cxd4 8. Nxd4 Qd7 9. f4 e5 10. Nf3 exf4 11. Bxf4 a6 12. Bxc6 Qxc6 13. Qd4 Nf6 14. O-O-O Be7 15. e5 dxe5 16. Nxe5 Qc5 17. g5 Qxd4 18. Rxd4 Nh5 19. Nxg6 hxg6 20. Bd6 Bxg5+ 21. Kb1 f5 22. Rc4 Rd8 23. Re1+ Kf7 24. Rc7+ Kg8 25. Be7 Re8 26. Nd5 Nf4 27. c4 Rxh3 28. Rxb7 Nxd5 29. cxd5 Rd3 30. Rd7 Rxe7 31. Rexe7 Bxe7 32. Rxe7 Rxd5 33. Re6 g5 0-1

[Event "ESP-chT 2nd Division 2019"]
[Site "Linares"]
[Date "2019.08.21"]
[Round "4.23"]
[White "Garriga Cazorla, Pere"]
[Black "Moreno Ibanez, Miguel"]
[Result "1-0"]
[ECO "E62"]
[WhiteElo "2495"]
[BlackElo "2272"]
[Annotator "ChessBase"]
[PlyCount "63"]
[EventDate "2019.08.19"]
[EventType "team-tourn"]
[EventCountry "ESP"]
[SourceTitle "playchess.com"]
[Source "ChessBase"]
[SourceQuality "1"]
[TimeControl "5400+30"]

1. d4 Nf6 2. c4 g6 3. Nc3 Bg7 4. Nf3 O-O 5. g3 d6 6. Bg2 c6 7. O-O Qa5 8. e4 Bg4 9. h3 Bxf3 10. Bxf3 Nfd7 11. Be3 c5 12. dxc5 Nxc5 13. Nd5 Qd8 14. Rb1 a5 15. Bg2 Nc6 16. f4 e6 17. Nc3 Qe7 18. Qd2 f5 19. exf5 gxf5 20. Bf2 Rad8 21. Rfe1 Qf6 22. Rbd1 Qg6 23. Qc2 h5 24. Kh2 Qh6 25. h4 e5 26. Bxc6 bxc6 27. fxe5 f4 28. exd6 fxg3+ 29. Bxg3 Ne6 30. Qe4 Nf4 31. d7 Kh8 32. c5 1-0

[Event "ESP-chT 2nd Division 2019"]
[Site "Linares"]
[Date "2019.08.21"]
[Round "4.24"]
[White "Perez Gonzalez, Jose Manuel"]
[Black "Fernandez Diaz, Cristian"]
[Result "0-1"]
[ECO "B35"]
[WhiteElo "2218"]
[BlackElo "2303"]
[Annotator "NA"]
[PlyCount "106"]
[EventDate "2019.08.19"]
[EventType "team-tourn"]
[EventCountry "ESP"]
[SourceTitle "playchess.com"]
[Source "ChessBase"]
[SourceQuality "1"]
[TimeControl "5400+30"]

1. e4 c5 2. Nf3 Nc6 3. d4 cxd4 4. Nxd4 g6 5. Nc3 Bg7 6. Be3 Nf6 7. Bc4 Qa5 8. O-O O-O 9. Bb3 d6 10. h3 Bd7 11. Re1 Rfc8 12. Nd5 Qd8 13. Bg5 e6 14. Nxc6 Bxc6 15. Nxf6+ Bxf6 16. Bxf6 Qxf6 17. c3 Qe5 18. Qd4 Qxd4 19. cxd4 Bd7 20. Rac1 a5 21. a3 Kf8 22. f3 Ke7 23. Kf2 Ra6 24. Rxc8 Bxc8 25. Rc1 Kd8 26. Ba4 Rb6 27. Rc2 Bd7 28. Bxd7 Kxd7 29. Ke3 Rb3+ 30. Kd2 f5 31. exf5 exf5 32. Kc1 Rd3 33. Rd2 Re3 34. Kd1 b5 35. Re2 Rxe2 36. Kxe2 Ke6 37. h4 f4 38. Kd3 d5 39. Ke2 Kf5 40. Kf2 h6 41. b4 axb4 42. axb4 g5 43. Kg1 Kf6 44. Kh2 Kg6 45. hxg5 Kxg5 46. Kh3 h5 47. Kh2 Kh4 48. Kg1 Kg3 49. Kf1 h4 50. Kg1 h3 51. gxh3 Kxh3 52. Kf2 Kh2 53. Ke2 Kg2 0-1

[Event "ESP-chT 2nd Division 2019"]
[Site "Linares"]
[Date "2019.08.21"]
[Round "4.25"]
[White "Marti Puig, Patricia"]
[Black "Estevez Sacristan, Deva"]
[Result "1-0"]
[ECO "B22"]
[WhiteElo "1683"]
[BlackElo "1957"]
[Annotator "NA"]
[PlyCount "127"]
[EventDate "2019.08.19"]
[EventType "team-tourn"]
[EventCountry "ESP"]
[SourceTitle "playchess.com"]
[Source "ChessBase"]
[SourceQuality "1"]
[TimeControl "5400+30"]

1. e4 c5 2. c3 g6 3. d4 cxd4 4. cxd4 d5 5. e5 Nc6 6. Be3 Bg7 7. f4 Nh6 8. Nf3 O-O 9. Nc3 Nf5 10. Qd2 a6 11. Be2 b5 12. O-O Na5 13. b3 Bb7 14. Rac1 Rc8 15. g4 Nxe3 16. Qxe3 Qd7 17. Ng5 e6 18. f5 exf5 19. gxf5 Bh6 20. f6 Nc6 21. h4 Rfe8 22. Qf4 Nd8 23. Bg4 Ne6 24. Bxe6 Rxe6 25. Qg4 Rd6 26. Qxd7 Rxd7 27. e6 fxe6 28. Ne2 Bxg5 29. hxg5 Rdc7 30. Rxc7 Rxc7 31. Rc1 Rxc1+ 32. Nxc1 b4 33. Nd3 a5 34. Nc5 Bc8 35. Kf2 Kf7 36. Nd3 Bb7 37. Ne5+ Kf8 38. Ke3 Ke8 39. Kf4 Ba6 40. Nc6 Bd3 41. Ke5 Kd7 42. Nxa5 Ba6 43. Nc6 Ke8 44. Kxe6 Bc8+ 45. Kxd5 Kf7 46. Nxb4 h5 47. gxh6 Kxf6 48. Ke4 g5 49. Nd3 Bf5+ 50. Ke3 Kg6 51. h7 Kxh7 52. Ne5 Kg7 53. b4 Kf6 54. a4 Ke6 55. b5 Kd5 56. b6 Bc8 57. a5 Bb7 58. Nd3 Kc6 59. Nc5 Bc8 60. b7 Bxb7 61. Nxb7 Kxb7 62. d5 Ka6 63. d6 Kb7 64. a6+ 1-0

[Event "ESP-chT 2nd Division 2019"]
[Site "Linares"]
[Date "2019.08.21"]
[Round "4.26"]
[White "Adla, Diego"]
[Black "Gago Padreny, Ignacio"]
[Result "1/2-1/2"]
[ECO "A28"]
[WhiteElo "2424"]
[BlackElo "2258"]
[Annotator "NA"]
[PlyCount "85"]
[EventDate "2019.08.19"]
[EventType "team-tourn"]
[EventCountry "ESP"]
[SourceTitle "playchess.com"]
[Source "ChessBase"]
[SourceQuality "1"]
[TimeControl "5400+30"]

1. c4 e5 2. Nc3 Nf6 3. Nf3 Nc6 4. e4 Bc5 5. Nxe5 Nxe5 6. d4 Bb4 7. dxe5 Nxe4 8. Qf3 Qh4 9. Be2 Nxc3 10. bxc3 Bc5 11. O-O O-O 12. Bf4 Rb8 13. Rad1 b6 14. Bg3 Qg5 15. h4 Qh6 16. h5 Bb7 17. Qg4 f5 18. exf6 Qxf6 19. Qxd7 Rbe8 20. Bd3 Qg5 21. Qh3 Qf6 22. Kh1 Qxc3 23. Bd6 Qf6 24. Bxf8 Rxf8 25. f3 Bc8 26. g4 Bd6 27. Be4 Qf4 28. Rde1 Kh8 29. Bd5 Bd7 30. Rg1 Qd2 31. Rd1 Qf4 32. Rg2 Re8 33. Qh4 Qe5 34. g5 Rf8 35. h6 Rf4 36. hxg7+ Qxg7 37. Qh5 Qg6 38. Qxg6 Rh4+ 39. Kg1 Bc5+ 40. Kf1 hxg6 41. Be4 Bh3 42. Bd5 Bd7 43. Ke2 1/2-1/2

[Event "ESP-chT 2nd Division 2019"]
[Site "Linares"]
[Date "2019.08.21"]
[Round "4.27"]
[White "Alcazar Jimenez, Jesus"]
[Black "Glavina, Pablo"]
[Result "1/2-1/2"]
[ECO "C50"]
[WhiteElo "2160"]
[BlackElo "2407"]
[Annotator "NA"]
[PlyCount "81"]
[EventDate "2019.08.19"]
[EventType "team-tourn"]
[EventCountry "ESP"]
[SourceTitle "playchess.com"]
[Source "ChessBase"]
[SourceQuality "1"]
[TimeControl "5400+30"]

1. e4 e5 2. Nf3 Nc6 3. Bc4 Nf6 4. d3 Bc5 5. O-O O-O 6. c3 d6 7. Bb3 a5 8. h3 Be6 9. Bc2 Ba7 10. Re1 Ne7 11. Nbd2 Ng6 12. Nf1 h6 13. Ng3 Qd7 14. d4 c6 15. Be3 Rfe8 16. Qd2 Rad8 17. d5 Bxh3 18. gxh3 Qxh3 19. Bd3 Bxe3 20. Rxe3 cxd5 21. Bf1 Qe6 22. Rd1 dxe4 23. Nxe4 Ng4 24. Rd3 Qxa2 25. Rxd6 Rc8 26. Qd5 Qxd5 27. R1xd5 Ra8 28. Rb5 Re7 29. Bh3 h5 30. Bxg4 hxg4 31. Nh2 Nh4 32. Rdd5 f5 33. Nd6 Ra6 34. Nxb7 Rg6 35. Rxe5 g3 36. fxg3 Rxg3+ 37. Kf1 Rd7 38. Red5 Re7 39. Re5 Rd7 40. Red5 Re7 41. Re5 1/2-1/2

[Event "ESP-chT 2nd Division 2019"]
[Site "Linares"]
[Date "2019.08.21"]
[Round "4.28"]
[White "Quintin Navarro, Alberto"]
[Black "Garcia Salamero, Gabriel"]
[Result "1-0"]
[ECO "E06"]
[WhiteElo "2376"]
[BlackElo "2168"]
[Annotator "NA"]
[PlyCount "110"]
[EventDate "2019.08.19"]
[EventType "team-tourn"]
[EventCountry "ESP"]
[SourceTitle "playchess.com"]
[Source "ChessBase"]
[SourceQuality "1"]
[TimeControl "5400+30"]

1. d4 d5 2. c4 e6 3. Nf3 Nf6 4. g3 Be7 5. Bg2 O-O 6. O-O b6 7. Nc3 Bb7 8. cxd5 exd5 9. Ne5 Nbd7 10. Qa4 Nb8 11. Rd1 h6 12. Bf4 a6 13. Rac1 Bd6 14. Qb3 c6 15. e4 Bc7 16. exd5 cxd5 17. Ng6 Bxf4 18. Nxf4 Nc6 19. Ncxd5 Na5 20. Nxf6+ Qxf6 21. Qb4 Bxg2 22. Kxg2 Rfd8 23. Qc3 Rd6 24. d5 Qxc3 25. Rxc3 b5 26. b3 Rad8 27. Rc7 Kf8 28. Ra7 R8d7 29. Ra8+ Rd8 30. Rxd8+ Rxd8 31. Kf3 Ke7 32. Ke4 Kd6 33. Rc1 Re8+ 34. Kd3 g5 35. Ne2 f5 36. Nd4 Re5 37. Rc8 Nb7 38. b4 Rxd5 39. Rf8 Kc7 40. Rf7+ Kb6 41. Rxf5 Rd6 42. Ke4 Rg6 43. Ke5 Nd6 44. Rf6 Rxf6 45. Kxf6 Ne4+ 46. Kg6 Nxf2 47. h4 Ne4 48. Kxh6 gxh4 49. gxh4 Kc7 50. Kg6 Kd6 51. h5 Ke5 52. h6 Nf6 53. Nc6+ Ke6 54. h7 Nxh7 55. Kxh7 Kd5 1-0

[Event "ESP-chT 2nd Division 2019"]
[Site "Linares"]
[Date "2019.08.21"]
[Round "4.29"]
[White "Garcia Garrido, Antonio"]
[Black "Vela Frago, Alberto"]
[Result "1-0"]
[ECO "C50"]
[WhiteElo "2136"]
[BlackElo "2155"]
[Annotator "NA"]
[PlyCount "50"]
[EventDate "2019.08.19"]
[EventType "team-tourn"]
[EventCountry "ESP"]
[SourceTitle "playchess.com"]
[Source "ChessBase"]
[SourceQuality "1"]
[TimeControl "5400+30"]

1. e4 e5 2. Nf3 Nc6 3. Bc4 Nf6 4. d3 Bc5 5. c3 d6 6. Qe2 O-O 7. O-O a5 8. a4 Be6 9. Bxe6 fxe6 10. Be3 Bxe3 11. fxe3 d5 12. Nbd2 Qd7 13. d4 Nxe4 14. Nxe4 dxe4 15. Ng5 exd4 16. exd4 Qd5 17. Qg4 e5 18. Ne6 Qd7 19. d5 Na7 20. Qxe4 Rxf1+ 21. Rxf1 Re8 22. Qxe5 c6 23. Qf5 Qe7 24. d6 Qxe6 25. d7 Qxd7 1-0

[Event "ESP-chT 2nd Division 2019"]
[Site "Linares"]
[Date "2019.08.21"]
[Round "4.30"]
[White "Roque Sola, Gisela"]
[Black "Collado Barbas, Laura"]
[Result "0-1"]
[ECO "A13"]
[WhiteElo "2048"]
[BlackElo "2070"]
[Annotator "NA"]
[PlyCount "80"]
[EventDate "2019.08.19"]
[EventType "team-tourn"]
[EventCountry "ESP"]
[SourceTitle "playchess.com"]
[Source "ChessBase"]
[SourceQuality "1"]
[TimeControl "5400+30"]

1. c4 e6 2. Nf3 d5 3. b3 d4 4. Bb2 c5 5. g3 Nc6 6. Bg2 Be7 7. O-O Nf6 8. e3 O-O 9. Na3 Ne8 10. exd4 cxd4 11. Re1 Bf6 12. d3 a5 13. Nc2 Nc7 14. a3 e5 15. b4 axb4 16. axb4 Rxa1 17. Bxa1 b5 18. Nd2 Bb7 19. Be4 Qd6 20. Qf3 Nxb4 21. Bxb7 Nxc2 22. Rc1 Nxa1 23. Rxa1 bxc4 24. Nxc4 Qe6 25. Rb1 Rd8 26. Rb6 Qe7 27. Bc6 Ne6 28. Rb7 Ng5 29. Qg2 Qc5 30. h4 Nh3+ 31. Qxh3 Qxc6 32. Rb6 Qf3 33. Rd6 Ra8 34. Ra6 Rd8 35. Rd6 Rf8 36. Nb6 h6 37. Qd7 Qxd3 38. Nd5 Qf3 39. Nxf6+ gxf6 40. Qe7 Ra8 0-1

[Event "ESP-chT 2nd Division 2019"]
[Site "Linares"]
[Date "2019.08.21"]
[Round "4.31"]
[White "Ayats Llobera, Gerard"]
[Black "Torres Sanchez, Jose"]
[Result "1-0"]
[ECO "B32"]
[WhiteElo "2377"]
[BlackElo "2304"]
[Annotator "NA"]
[PlyCount "107"]
[EventDate "2019.08.19"]
[EventType "team-tourn"]
[EventCountry "ESP"]
[SourceTitle "playchess.com"]
[Source "ChessBase"]
[SourceQuality "1"]
[TimeControl "5400+30"]

1. e4 c5 2. Nf3 Nc6 3. d4 cxd4 4. Nxd4 Qb6 5. Nb3 Nf6 6. Nc3 e6 7. Be3 Qc7 8. a3 a6 9. f4 d6 10. g4 g5 11. fxg5 Nd7 12. Bg2 Nde5 13. O-O Nc4 14. Bc1 N4e5 15. h3 Bd7 16. Ne2 O-O-O 17. Ng3 h6 18. Qe2 Kb8 19. Nh5 Rc8 20. Nf6 Ng6 21. gxh6 Rxh6 22. Bxh6 Bxh6 23. Rad1 Nce5 24. Nxd7+ Qxd7 25. Qf2 Qc7 26. Nd4 Bg5 27. c3 Rh8 28. Nf3 Nxf3+ 29. Qxf3 Qb6+ 30. Kh1 Ne5 31. Qf2 Qc7 32. Qd4 Be7 33. Kg1 Rc8 34. Rf4 Qc6 35. a4 Qe8 36. b3 Qh8 37. Rf2 Qh4 38. Qe3 Ka8 39. a5 Bg5 40. Qe1 Qg3 41. Rf1 Qxe1 42. Rfxe1 Rxc3 43. Rxd6 Rxb3 44. Ra1 Rb2 45. Kh1 Bf4 46. Rd8+ Ka7 47. Rg8 Bg3 48. Rg7 Ng6 49. Rxf7 e5 50. g5 Nf4 51. Rg1 Nxh3 52. g6 Bf4 53. Rxf4 Nxf4 54. g7 1-0

[Event "ESP-chT 2nd Division 2019"]
[Site "Linares"]
[Date "2019.08.21"]
[Round "4.32"]
[White "Represa Perez, Mireya"]
[Black "Martin Gonzalez, Angel"]
[Result "1/2-1/2"]
[ECO "B27"]
[WhiteElo "2229"]
[BlackElo "2334"]
[Annotator "NA"]
[PlyCount "124"]
[EventDate "2019.08.19"]
[EventType "team-tourn"]
[EventCountry "ESP"]
[SourceTitle "playchess.com"]
[Source "ChessBase"]
[SourceQuality "1"]
[TimeControl "5400+30"]

1. e4 c5 2. Nf3 g6 3. d4 Bg7 4. dxc5 Qa5+ 5. c3 Qxc5 6. Na3 Nf6 7. Nb5 b6 8. Be3 Qc6 9. Bd3 Bb7 10. Nfd4 Qc8 11. Bf4 O-O 12. O-O d6 13. Bg5 Nbd7 14. Bc2 a6 15. Na3 Qc5 16. Be3 Qc7 17. Qe2 b5 18. Rae1 Rfe8 19. Bg5 Nc5 20. Bxf6 Bxf6 21. f4 e5 22. Nb3 exf4 23. Rxf4 Be5 24. Rh4 Re7 25. Nd2 Rae8 26. Kh1 d5 27. Qf2 Bg7 28. Re3 Nxe4 29. Nxe4 dxe4 30. Bb3 Re5 31. Nc2 Rf5 32. Qe2 Qd8 33. Rhh3 Qd2 34. Kg1 Qc1+ 35. Ne1 Rd8 36. Qg4 Qxb2 37. Qh4 Rd2 38. Qxh7+ Kf8 39. Qh4 Qc1 40. Qg3 Be5 41. Qh4 Qb2 42. Qh6+ Bg7 43. Qh4 Rff2 44. Rd3 Bf6 45. Rxd2 Bxh4 46. Rxb2 Rxb2 47. Rxh4 Rb1 48. Kf2 Kg7 49. Nc2 a5 50. Nd4 Rb2+ 51. Ke3 a4 52. Bxf7 Rxg2 53. Nxb5 Kxf7 54. Nd6+ Kf6 55. Nxb7 Rxa2 56. Rxe4 a3 57. h4 Ra1 58. Nc5 a2 59. Nb3 Rb1 60. Ra4 Rxb3 61. Rxa2 Rxc3+ 62. Kf4 Rc4+ {[%emt 0:00:03] Ke4 Ke5+} 1/2-1/2

[Event "ESP-chT 2nd Division 2019"]
[Site "Linares"]
[Date "2019.08.21"]
[Round "4.33"]
[White "Jimenez Ruano, Adrian"]
[Black "Meneses Gonzalez, Kevin Moises"]
[Result "1-0"]
[ECO "D31"]
[WhiteElo "2278"]
[BlackElo "2251"]
[Annotator "NA"]
[PlyCount "131"]
[EventDate "2019.08.19"]
[EventType "team-tourn"]
[EventCountry "ESP"]
[SourceTitle "playchess.com"]
[Source "ChessBase"]
[SourceQuality "1"]
[TimeControl "5400+30"]

1. d4 d5 2. c4 e6 3. Nc3 a6 4. Nf3 Nf6 5. cxd5 exd5 6. Bg5 Be6 7. e3 Nbd7 8. Bd3 Bd6 9. Bh4 h6 10. Rc1 c6 11. a3 O-O 12. O-O Re8 13. Re1 Qc7 14. e4 dxe4 15. Nxe4 Nxe4 16. Bxe4 Qa5 17. Bb1 Bf5 18. Rxe8+ Rxe8 19. d5 Bxb1 20. dxc6 Ne5 21. Nxe5 Rxe5 22. b4 Qc7 23. cxb7 Qxb7 24. Rxb1 Qe4 25. Bg3 Rd5 26. Qe1 Qxe1+ 27. Rxe1 Bxg3 28. hxg3 Rd3 29. Re8+ Kh7 30. Re3 Rd1+ 31. Kh2 Ra1 32. g4 g5 33. Kg3 Kg6 34. Rd3 f6 35. Kf3 Ra2 36. Ke3 h5 37. gxh5+ Kxh5 38. Kf3 f5 39. g3 g4+ 40. Ke3 Kg5 41. Rc3 Rb2 42. Rd3 Ra2 43. Rb3 Kf6 44. Rc3 Kg5 45. f4+ gxf3 46. Kxf3 Rb2 47. Rd3 a5 48. bxa5 Rb5 49. a4 Rxa5 50. Ra3 Kg6 51. Kf4 Kf6 52. Ra1 Kg6 53. Ra3 Kf6 54. Ke3 Kg5 55. Kf3 Kg6 56. Ke2 Kg5 57. Kd3 Kg4 58. Kd4 Ra8 59. a5 Ra6 60. Kc5 Kh3 61. Kb5 Rg6 62. a6 Rxg3 63. Rxg3+ Kxg3 64. a7 f4 65. a8=Q f3 66. Kc4 1-0

[Event "ESP-chT 2nd Division 2019"]
[Site "Linares"]
[Date "2019.08.21"]
[Round "4.34"]
[White "Ballester Sanz, Joaquin"]
[Black "Cano Sevilla, Ivan"]
[Result "0-1"]
[ECO "B38"]
[WhiteElo "2027"]
[BlackElo "1995"]
[Annotator "NA"]
[PlyCount "142"]
[EventDate "2019.08.19"]
[EventType "team-tourn"]
[EventCountry "ESP"]
[SourceTitle "playchess.com"]
[Source "ChessBase"]
[SourceQuality "1"]
[TimeControl "5400+30"]

1. e4 c5 2. Nf3 g6 3. d4 cxd4 4. Nxd4 Bg7 5. c4 Nc6 6. Be3 Nf6 7. Nc3 d6 8. Be2 O-O 9. O-O Bd7 10. h3 Nxd4 11. Bxd4 Bc6 12. Qc2 a5 13. Rad1 Nd7 14. Bxg7 Kxg7 15. Bg4 Nc5 16. e5 h5 17. Be2 Qc7 18. exd6 exd6 19. Nd5 Bxd5 20. Rxd5 Ne6 21. Qd2 Rad8 22. Rd1 Rfe8 23. Bf1 Nc5 24. g3 Kg8 25. Rxd6 Rxd6 26. Qxd6 Qxd6 27. Rxd6 Re1 28. Kg2 Rb1 29. Rd2 a4 30. Be2 Kf8 31. h4 Ke7 32. Bf3 b6 33. Bd5 a3 34. bxa3 Rc1 35. Rb2 Nd7 36. a4 Rc3 37. Re2+ Kf8 38. Re3 Rc2 39. Ra3 Ne5 40. a5 bxa5 41. Rxa5 Nxc4 42. Ra8+ Kg7 43. Bxc4 Rxc4 44. a4 Rc3 45. a5 Ra3 46. a6 Kh7 47. Kf1 Ra2 48. Ke1 Kg7 49. Kd1 Rxf2 50. Kc1 Ra2 51. Kb1 Ra5 52. Kb2 Kf6 53. Kb3 Kf5 54. Kb4 Ra1 55. Kb5 Kg4 56. Rd8 Kxg3 57. Rd4 f5 58. Ra4 Rb1+ 59. Rb4 Re1 60. a7 Re8 61. Kc4 Ra8 62. Rb7 Kxh4 63. Kd3 g5 64. Ke2 Kg3 65. Kf1 f4 66. Kg1 g4 67. Kh1 h4 68. Kg1 Kh3 69. Kh1 g3 70. Kg1 f3 71. Rh7 Rd8 0-1

[Event "ESP-chT 2nd Division 2019"]
[Site "Linares"]
[Date "2019.08.21"]
[Round "4.36"]
[White "Sanchez Saez, Francisco"]
[Black "Gonzalez Trigal, Jose Luis"]
[Result "1-0"]
[ECO "A13"]
[WhiteElo "2359"]
[BlackElo "2352"]
[Annotator "NA"]
[PlyCount "131"]
[EventDate "2019.08.19"]
[EventType "team-tourn"]
[EventCountry "ESP"]
[SourceTitle "playchess.com"]
[Source "ChessBase"]
[SourceQuality "1"]
[TimeControl "5400+30"]

1. Nf3 Nf6 2. c4 e6 3. g3 d5 4. Bg2 dxc4 5. Na3 Bxa3 6. bxa3 O-O 7. Qc2 c5 8. Bb2 Nc6 9. Qxc4 b6 10. Ng5 Nd5 11. h4 Rb8 12. Qa4 Bd7 13. Qc2 f5 14. e4 Nf6 15. exf5 exf5 16. Qc4+ Kh8 17. Nf7+ Rxf7 18. Qxf7 Qe8+ 19. Qxe8+ Rxe8+ 20. Kd1 Ne5 21. Bxe5 Rxe5 22. Kc2 Re8 23. Rhe1 Rd8 24. Bf3 Kg8 25. Re3 f4 26. gxf4 Ba4+ 27. Kc3 Rd4 28. Rg1 Rxf4 29. h5 Kf8 30. d3 h6 31. Rg2 Be8 32. Rh2 Bf7 33. Kb2 Rf5 34. Be4 Rg5 35. Rg3 Re5 36. f4 Re7 37. Bg6 Bxg6 38. hxg6 Re1 39. Rgg2 Re3 40. Kc2 Nd5 41. Kd2 Re6 42. f5 Rf6 43. Re2 Ne7 44. Re6 Rxe6 45. fxe6 Nxg6 46. Rf2+ Ke7 47. Rf7+ Kxe6 48. Rxg7 Ne7 49. Rh7 Kd7 50. Kc3 b5 51. a4 a6 52. a5 h5 53. Rxh5 Nc6 54. Rxc5 Nxa5 55. Rh5 Nc6 56. Rh6 Kc7 57. d4 a5 58. d5 Nb4 59. Kd4 Nxa2 60. Kc5 Nc3 61. Rh7+ Kd8 62. Kc6 Ne2 63. Rh8+ Ke7 64. d6+ Kf7 65. d7 Nd4+ 66. Kd5 1-0

[Event "ESP-chT 2nd Division 2019"]
[Site "Linares"]
[Date "2019.08.21"]
[Round "4.37"]
[White "Escudero Manzano, Alejandro"]
[Black "Galiana Fernandez, Adrian"]
[Result "0-1"]
[ECO "C54"]
[WhiteElo "2229"]
[BlackElo "2295"]
[Annotator "NA"]
[PlyCount "93"]
[EventDate "2019.08.19"]
[EventType "team-tourn"]
[EventCountry "ESP"]
[SourceTitle "playchess.com"]
[Source "ChessBase"]
[SourceQuality "1"]
[TimeControl "5400+30"]

1. e4 e5 2. Nf3 Nc6 3. Bc4 Bc5 4. c3 Nf6 5. d3 d6 6. O-O O-O 7. h3 a5 8. a4 h6 9. Re1 Be6 10. Bxe6 fxe6 11. d4 exd4 12. cxd4 Bb4 13. Nc3 Qd7 14. Re3 Qf7 15. Qe2 e5 16. dxe5 dxe5 17. Rd3 Rad8 18. Be3 Bxc3 19. Rxc3 Nxe4 20. Rcc1 Nd6 21. Rc5 e4 22. Ne5 Nxe5 23. Rxe5 b6 24. Rc1 c5 25. Rd1 Rde8 26. Rxe8 Nxe8 27. Qb5 Qe6 28. Rd7 Nf6 29. Rb7 Nd5 30. Qd7 Qxd7 31. Rxd7 Nxe3 32. fxe3 Rb8 33. b3 b5 34. Rd5 c4 35. bxc4 b4 36. Kf2 Kf7 37. Ke2 b3 38. Rd1 Ke6 39. Rb1 Kd6 40. Kd2 Kc5 41. Kc3 b2 42. Rxb2 Rxb2 43. Kxb2 Kxc4 44. Kc2 Kb4 45. Kb2 Kxa4 46. Kc3 Kb5 47. Kd4 0-1